 Dungeon Crawl Stone Soup version 0.18.1-48-g4cf74bf (webtiles) character file.

70 MistressOfTheDunes the Ruffian (level 4, -2/35 HPs)
             Began as a Mummy Fighter on June 24, 2016.
             Slain by an orc
             ... wielding a +0 dagger
              (4 damage)
             ... on level 3 of the Dungeon.
             The game lasted 00:02:29 (3826 turns).

MistressOfTheDunes the Ruffian (Mummy Fighter)      Turns: 3826, Time: 00:02:29

Health: -2/35      AC:  0    Str: 19    XL:     4   Next: 3%
Magic:  4/4        EV: 14    Int:  7    God:
Gold:   74         SH:  0    Dex: 12    Spells: 0 memorised, 3 levels left

rFire  x . .     SeeInvis .       - Unarmed
rCold  + . .     Gourm    .     (no armour)
rNeg   + + +     Faith    .     (no shield)
rPois  ∞         Spirit   .     (no helmet)
rElec  .         Dismiss  .     (no cloak)
rCorr  .         Reflect  .     (no gloves)
SustAt .         Harm     .     (no boots)
MR     .....                    (no amulet)
Stlth  +.........               (no ring)
                                f - +3 ring of evasion

@: not resistant to hostile enchantments, very unstealthy
A: no food or potions, fire vulnerability, cold resistance 1, negative energy
resistance 3, torment resistance, unbreathing
a: no special abilities


You were on level 3 of the Dungeon.
You were not hungry.

You visited 1 branch of the dungeon, and saw 3 of its levels.

You collected 74 gold pieces.


Innate Abilities, Weirdness & Mutations

You do not eat or drink.
Your flesh is vulnerable to fire.
You are immune to poison.
Your flesh is cold resistant.
You are immune to negative energy.
You are immune to unholy pain and torment.
You can survive without breathing.


   Skills:
 - Level 3.0 Fighting
 - Level 2.4 Armour
 - Level 2.4 Shields
 + Level 3.5 Unarmed Combat


You had 3 spell levels left.
You didn't know any spells.

Inventory:

Armour
 b - a +0 shield
Jewellery
 f - a +3 ring of evasion (left hand)
Scrolls
 a - a scroll of teleportation {unknown}
 c - a scroll of fear {unknown}
 d - a scroll of recharging {unknown}
 e - a scroll of random uselessness {unknown}
 g - a scroll of immolation {unknown}
 h - 3 scrolls of identify {unknown}

Dungeon Overview and Level Annotations

Branches:
Dungeon (3/15)

Altars:
Ashenzari

▒.%..▒.▒ ▒.▒ ▒..▒.▒.▒▒▒.▒ ▒▒▒▒▒
▒.▒▒.▒...▒.▒ ...▒ ▒
▒▒.▒▒.▒▒....▒▒▒▒▒▒▒▒▒▒▒..▒▒.▒..▒
.............)..........)......▒
......▒▒(.▒.▒▒▒▒▒▒▒▒▒▒).)▒
▒▒▒▒......▒....▒ ▒▒▒▒▒...▒
......▒..▒▒....▒▒▒.......▒▒▒▒▒
................Mo............
......▒▒▒▒▒▒...▒▒▒.▒▒(▒.▒.▒▒▒▒
▒▒▒▒▒.....▒▒...▒ ▒.▒▒(....▒
...▒▒▒▒▒.▒▒▒...▒ ▒.▒▒..▒▒▒▒
▒▒.▒▒▒▒▒.▒▒▒...▒ ▒.▒▒...
▒▒.............▒ ▒.▒▒▒.▒.
▒......▒.▒▒....▒ ▒.. .▒.!
'........▒▒.▒▒▒▒▒▒▒▒ .▒ .▒
▒......▒▒▒▒.......▒ .▒ ..


You could see an orc.


Message History

You closely miss the orc!
The orc is almost dead!
The orc misses you!
Here: an orc, wielding a mace of protection and wearing a chain mail (almost dead)
The floor!
You squash the orc but do no damage!
The orc is almost dead!
The orc misses you!
You pulverise the orc but do no damage!
Your punch misses the orc!
The orc is almost dead!
The orc misses you!
You barely miss the orc!
The orc is almost dead!
You closely miss the orc!
The orc is almost dead!
The orc hits you with a mace of protection! * * * don't die
* * * You beat the orc but do no damage!
The orc is almost dead!
The orc hits you but does no damage!
You squash the orc but do no damage!
The orc is almost dead!
The orc hits you with a mace of protection!!! * * * don't die
* * * You beat the orc into a bloody pulp!
You annihilate the orc!!!
You pulverise the orc but do no damage!
The orc is lightly wounded!
The orc hits you with a dagger! rip

Action                   |  1- 3 |  4- 6 || total
-------------------------+-------+-------++-------
Melee: Unarmed           |   237 |    27 ||   264
 Stab: Sleeping          |     2 |       ||     2
Dodge: Dodged            |   130 |    15 ||   145
Block: Shield            |    52 |       ||    52

Vault maps used:
D:1:      co_arrival_hexagon_in_a_hexagon, grunt_decor_arrowhead
D:2:      evilmike_ruin_ashenzari, minmay_hedge_maze
D:3:      first_bread, st_stairs_7

Notes
Turn   | Place    | Note
--------------------------------------------------------------
     0 | D:1      | MistressOfTheDunes the Mummy Fighter began the quest for the Orb.
     0 | D:1      | Reached XP level 1. HP: 18/18 MP: 1/1
   335 | D:1      | Reached skill level 2 in Unarmed Combat
   846 | D:1      | Reached XP level 2. HP: 14/24 MP: 2/2
  2007 | D:1      | Reached XP level 3. HP: 29/29 MP: 3/3
  2246 | D:2      | Found a shattered altar of Ashenzari.
  2262 | D:2      | Reached skill level 3 in Unarmed Combat
  3791 | D:3      | Reached XP level 4. HP: 32/35 MP: 4/4
  3824 | D:3      | HP: 2/35 [orc/mace of protection (10)]
  3826 | D:3      | Slain by an orc

Vanquished Creatures
  2 oozes (D:1)
  A worm (D:2)
  2 giant geckos
  3 orcs (D:3)
  2 giant cockroaches (D:2)
  5 goblins (D:1)
  3 hobgoblins
  4 jackals (D:2)
  A quokka (D:2)
  11 bats
  5 giant newts
  6 kobolds
  5 rats
50 creatures vanquished.
